Map: Orbital Shipyard

Players

wabbajack - Winner!

  • Race: Terran Terran
  • League: Gold

VOD

Have the link to the VOD?

Description

Time

  • Played on: July 17, 2015, 11:26 a.m.
  • Length: 6:12
Show
View Real Time Build Order
Export as new Build Order

wabbajack Terran - Winner!

Build Orders:  

Get SALT Encoding   

  12  0:02  SCV  
  12  0:14  SCV  
  12  0:19  Supply Depot  
  12  0:27  SCV  
  12  0:36  Refinery  
  12  0:41  SCV  
  12  0:47  Barracks  
  12  0:53  SCV  
  12  1:05  SCV  
  12  1:17  SCV  
  12  1:33  Orbital Command  
  12  1:34  Marine  
  12  1:38  Factory  
  12  1:52  Supply Depot, Marine  
  12  1:59  SCV  
  12  2:03  Refinery  
  12  2:11  SCV  
  12  2:20  Barracks Reactor  
  12  2:23  SCV  
  12  2:27  Command Center  
  12  2:33  Widow Mine  
  12  2:35  SCV  
  12  2:45  Starport  
  12  2:53  SCV  
  12  2:59  Supply Depot  
  12  3:05  SCV  
  12  3:10  Barracks Reactor  
  12  3:16  Hellion  
  12  3:21  Hellion  
  12  3:22  Supply Depot  
  12  3:26  Medivac  
  12  3:29  Armory  
  12  3:33  SCV  
  12  3:43  Orbital Command  
  12  3:55  Marine  
  12  3:57  Hellion x2  
  12  4:00  Liberator  
  12  4:02  Orbital Command  
  12  4:06  Liberator  
  12  4:20  Hellion x2  
  12  4:24  Marine  
  12  4:31  Barracks  
  12  4:41  Supply Depot  
  12  4:43  Hellion x2  
  12  4:44  Marine  
  12  4:56  SCV  
  12  4:57  SCV  
  12  5:17  Hellbat x2  
  12  5:22  SCV x2  
  12  5:28  Command Center, Supply Depot  
  12  5:30  Supply Depot  
  12  5:31  Barracks Reactor, Barracks Tech Lab  
  12  5:37  Barracks  
  12  5:41  SCV x2  
  12  5:42  Widow Mine  
  12  5:43  Engineering Bay  
Tags
 
Add a new tag
Caveats
  • Supply blocks, unpowered buildings, or Contaminate may cause inaccurate times.
  • Supply counts are checked every 10 seconds.